 Dungeon Crawl Stone Soup version 0.22.1-1-ga44c0e56f4 (webtiles) character file.

195 Morbidden the Chopper (level 5, 0/48 HPs)
             Began as a Deep Dwarf Fighter on Oct 12, 2018.
             Slain by a gnoll shaman
             ... wielding a +0 whip of electrocution
              (12 damage)
             ... on level 4 of the Dungeon.
             The game lasted 00:04:59 (1710 turns).

Morbidden the Chopper (Deep Dwarf Fighter)          Turns: 1710, Time: 00:05:00

Health: 0/48       AC: 11    Str: 21    XL:     5   Next: 45%
Magic:  5/5        EV:  3    Int:  8    God:
Gold:   202        SH:  9    Dex: 12    Spells: 4/4 levels left

rFire    + . .     SeeInvis .   a - +0 war axe
rCold    . . .     Gourm    .   c - +0 shield
rNeg     . . .     Faith    .   l - +0 plate armour
rPois    .         Spirit   .   (no helmet)
rElec    .         Reflect  .   (no cloak)
rCorr    .         Harm     .   (no gloves)
MR       .....                  (no boots)
Stlth    ..........             (no amulet)
HPRegen  0.00/turn              e - ring of protection from fire
MPRegen  0.09/turn              (no ring)

@: lethally poisoned (0 -> 0), non-regenerating
A: damage resistance, heal wounds, sense surroundings 1, no regeneration
a: Heal Wounds


You were on level 4 of the Dungeon.
You were very hungry.

You visited 1 branch of the dungeon, and saw 4 of its levels.

You collected 202 gold pieces.

Inventory:

Hand Weapons
 a - a +0 war axe (weapon)
Missiles
 k - 2 throwing nets (quivered)
Armour
 c - a +0 shield (worn)
 l - a +0 plate armour (worn)
Jewellery
 e - a ring of protection from fire (left hand)
Scrolls
 b - a scroll of fog {unknown}
 g - 2 scrolls of remove curse
 h - a scroll of random uselessness {unknown}
 j - a scroll of amnesia {unknown}
 m - a scroll of blinking {unknown}
 n - a scroll of identify
Potions
 d - 2 potions of might
 i - a potion of haste
Comestibles
 f - 2 rations


   Skills:
 - Level 2.8 Fighting
 * Level 6.0 Axes
 - Level 3.5 Armour
 - Level 3.4 Shields


You had 4 spell levels left.
You didn't know any spells.
Your spell library was empty.

Dungeon Overview and Level Annotations

Branches:
Dungeon (4/15)
 Temple: D:4-7

Altars:
Okawaru
Trog

Annotations:
D:3 1 runed door, Sigmund; qween12's ghost, amateur DsFi


Innate Abilities, Weirdness & Mutations

You are resistant to damage.
You can heal yourself by infusing magical energy.
You passively map a small area around you.
You do not regenerate.


Message History

Unknown command.
You are too injured to fight recklessly!
Unknown command.
You are too injured to fight recklessly!
Unknown command.
You are too injured to fight recklessly!
Unknown command.
You are too injured to fight recklessly!
You are too injured to fight recklessly!
You barely miss the gnoll. You hit the worker ant.
You hit the gnoll shaman but do no damage.
You block the gnoll's attack. The worker ant barely misses you.
You block the gnoll's attack. The gnoll hits you but does no damage.
The worker ant bites you.
* * * LOW HITPOINT WARNING * * *
You are poisoned.
The worker ant poisons you!
The gnoll shaman hits you but does no damage.
You are electrocuted!
You die...

, , ......, , , * ..#..
, ,..# , #.#.., * #..
#...( ...# *, *.
##,,..... * * #..* * ,
..#..##.#..#### #..## ,
#...#g)a##....#### #....
##....#@###.†....###..†.
....g.gg...).)........<.
...........##.##.#######
,
....#..######..#.######.
*.#.#... ,##.#.....##. ,
..,#... .#####....
#,....$, , **.<* ###.# ,
,......,, ,, #.# **###
*#(.... , , .. *


You could see a gnoll shaman, a worker ant and 3 gnolls.

Vanquished Creatures
  A howler monkey (D:4)
  An orc wizard (D:4)
  3 adders
  An ooze (D:1)
  2 worms
  4 dart slugs
  A leopard gecko (D:4)
  8 orcs (D:4)
  8 bats
  5 giant cockroaches
  7 goblins
  7 hobgoblins
  5 jackals
  2 quokkas (D:2)
  2 ball pythons (D:1)
  7 frilled lizards
  7 kobolds
  7 rats
78 creatures vanquished.

Vanquished Creatures (others)
  2 goblins (D:4)
  A hobgoblin (D:4)
3 creatures vanquished.

Grand Total: 81 creatures vanquished

Notes
Turn   | Place    | Note
-------+----------+-------------------------------------------
     0 | D:1      | Morbidden the Deep Dwarf Fighter began the quest for the
                  | Orb.
     0 | D:1      | Reached XP level 1. HP: 20/20 MP: 1/1
    90 | D:1      | Reached XP level 2. HP: 25/27 MP: 2/2
   273 | D:1      | Reached skill level 3 in Axes
   433 | D:1      | Reached XP level 3. HP: 27/33 MP: 3/3
   635 | D:2      | Found a faded altar of an unknown god.
   846 | D:2      | Reached skill level 4 in Axes
   951 | D:2      | Reached XP level 4. HP: 17/40 MP: 4/4
   985 | D:2      | Found an iron altar of Okawaru.
   986 | D:2      | Found a bloodstained altar of Trog.
  1277 | D:3      | Found a runed door.
  1277 | D:3      | Noticed qween12's ghost (amateur DsFi)
  1550 | D:3      | Noticed Sigmund
  1659 | D:4      | Reached skill level 5 in Axes
  1673 | D:4      | Reached XP level 5. HP: 45/48 MP: 5/5
  1707 | D:4      | Reached skill level 6 in Axes
  1710 | D:4      | Slain by a gnoll shaman

Skill      XL: |  1  2  3  4  5 |
---------------+----------------+-----
Axes           | 3 4 5 6 |  6.0
Fighting       | |  2.8
Armour         | |  3.5
Shields        | |  3.4

Action                   |  1- 3 |  4- 6 || total
-------------------------+-------+-------++-------
Melee: War axe           |   105 |   108 ||   213
 Abil: Heal Wounds       |       |     1 ||     1
  Use: Scroll            |     3 |       ||     3
  Eat: Chunk             |       |     2 ||     2
Armor: Scale mail        |    36 |       ||    36
       Plate armour      |    14 |    87 ||   101
Dodge: Dodged            |    32 |    18 ||    50
Block: Shield            |    52 |    76 ||   128
